 Dungeon Crawl Stone Soup version 0.31-a0-216-g22e908daa7 (webtiles) character file.

Game seed: 3344494777800367776

56836 qw the Severer (level 14, -1/82 HPs)
             Began as a Gargoyle Fighter on July 2, 2023.
             Was an Elder of Okawaru.
             Slain by an eight-headed hydra (11 damage)
             ... on level 12 of the Dungeon.
             The game lasted 00:09:27 (18964 turns).

qw the Severer (Gargoyle Fighter)                  Turns: 18964, Time: 00:09:27

Health: -1/82      AC: 31    Str: 31    XL:     14   Next: 83%
Magic:  20/21      EV: 15    Int:  7    God:    Okawaru [****..]
Gold:   1416       SH:  7    Dex:  9    Spells: 13/13 levels left

rFire   . . .        t - +0 morningstar
rCold   . . .        c - +0 buckler
rNeg    + . .        i - +3 plate armour
rPois   inf          (no helmet)
rElec   +            (no cloak)
rCorr   .            (no gloves)
SInv    .            (no boots)
Will    +....        (no amulet) Stlth
                     v - +5 ring of evasion
HPRegen 0.33/turn    g - +6 ring of strength
MPRegen 0.17/turn

%: no passive effects
@: about to teleport, heroic, flying
A: sickness immunity, AC +10, big wings, negative energy resistance 1,
electricity resistance, torment resistance 1, petrification resistance, hooves
1, iridescent scales 1, dopey 1, frail 1
a: Renounce Religion, Heroism, Finesse


You were on level 12 of the Dungeon.
You worshipped Okawaru.
Okawaru was greatly pleased with you.
You visited 2 branches of the dungeon, and saw 18 of its levels.
You also visited: Ossuary.

You collected 1476 gold pieces.
You spent 60 gold pieces at shops.


Innate Abilities, Weirdness & Mutations

You are immune to sickness and miasma.
Your stone body is resilient. (AC +10)
You are immune to poison.
Your large and strong wings let you fly.
You resist negative energy. (rN+)
You are resistant to electric shocks. (rElec)
You are resistant to unholy torment.
You are immune to petrification.
You have large cloven feet.
You are partially covered in iridescent scales. (AC +2)
You are dopey. (Int -2)
You are frail. (-10% HP)


   Skills:
 - Level 12.6(17.6) Fighting
 - Level 16.0(21.0) Axes
 - Level 6.0(11.0) Throwing
 + Level 9.0(14.0) Armour
 - Level 3.0(8.0) Dodging
 - Level 8.1(13.1) Shields
 - Level 10.0 Invocations


You had 13 spell levels left.
You didn't know any spells.
Your spell library was empty.

Inventory:

Hand Weapons
 a - a +5 war axe of venom
 t - a +0 morningstar (weapon)
 u - a +3 flail of holy wrath
 D - the +6 war axe of Classification {venom, rN+ Str+8}
   (You found it on level 12 of the Dungeon)

   Str:       It affects your strength (+8).
   rN:        It protects you from negative energy.
Missiles
 l - 10 boomerangs (quivered)
Armour
 b - a +0 cloak
 c - a +0 buckler (worn)
 i - a +3 plate armour (worn)
 m - a +1 pair of boots
 n - a +0 pair of boots
 w - the +1 helmet "Lengel" {Regen+ Int-4 Slay+5 SInv}
   (Okawaru gifted it to you on level 3 of the Lair of Beasts)

   Int:       It affects your intelligence (-4).
   Slay:      It affects your accuracy & damage with ranged weapons and melee
   (+5).
   SInv:      It lets you see invisible.
   Regen:     It increases your rate of health regeneration.
 x - +0 acid dragon scales
Jewellery
 g - a +6 ring of strength (right hand)
 o - a ring of protection from cold
 v - a +5 ring of evasion (left hand)
 y - the amulet "Vitaeng" {Spirit rPois Regen+ Int-5 Stlth+}
   (You found it on level 3 of the Lair of Beasts)

   [amulet of guardian spirit]

   It causes incoming damage to be divided between your reserves of health and
   magic.
   Int:       It affects your intelligence (-5).
   rPois:     It protects you from poison.
   Regen:     It increases your rate of health regeneration.
   Stlth:     It makes you more stealthy.
 A - an amulet of faith
 B - an amulet of reflection
 C - a ring of protection from cold
Wands
 r - a wand of digging (10)
Scrolls
 e - 13 scrolls of identify
 f - 11 scrolls of teleportation
Potions
 d - 8 potions of might
 h - 3 potions of heal wounds
 j - 3 potions of attraction
 k - 5 potions of haste
 p - 3 potions of magic
 q - 6 potions of curing
 s - 2 potions of cancellation
 z - 3 potions of enlightenment

Dungeon Overview and Level Annotations

Branches:
Dungeon (13/15) Temple (0/1) D:5 Lair (5/5) D:9 Shoals (0/4) Lair:3 Spider (0/4) Lair:3 Slime (0/5) Lair:5 Orc (0/2) D:10 Vaults (0/5) D:12 D:13 Ossuary (visited)

Altars:
Ashenzari
Fedhas
Hepliaklqana
Nemelex Xobeh
Okawaru
Qazlal
Ru
Sif Muna
Trog
Uskayaw
Vehumet
Wu Jian
Xom
Yredelemnul
Zin
The Shining One
Jiyva

Shops:
D:8 (

Portals:
Trove: D:11 (give 18 scrolls of teleportation)

Annotations:
D:12 Nessos
Lair:5 2 runed translucent doors


Message History

The eight-headed hydra barely misses you.
The tengu conjurer mumbles some strange words.
The tengu conjurer conjures a globe of magical energy!
The human hits you but does no damage. You block the two-headed ogre's attack.
The two-headed ogre barely misses you. The large slime creature hits you!
The human hits you but does no damage.
Two slime creatures merge to form a large slime creature.
You fly upwards.
The battlesphere dissipates.
There is a stone staircase leading down here.
Enter note:
Enter note:
Enter note:
Enter note:
Enter note:
Enter note:
Enter note:
Enter note:
Enter note: You hit the large slime creature.
You kick the large slime creature!
The large slime creature is moderately wounded.
Nessos hits you but does no damage. Nessos misses you.
The eight-headed hydra closely misses you.
The eight-headed hydra bites you but does no damage. x2
The eight-headed hydra bites you! The eight-headed hydra misses you.
You block the eight-headed hydra's attack.
The eight-headed hydra bites you but does no damage. x2
Nessos closely misses you. Nessos misses you.
The tengu conjurer barely misses you. You block the tengu conjurer's attack.
The tengu conjurer closely misses you. The human closely misses you. x2
The large slime creature misses you.
18964 ||| READING 12 scrolls of teleportation.
As you read the scroll of teleportation, it crumbles to dust.
You feel strangely unstable. Nessos barely misses you.
Nessos kicks you but does no damage. Nessos misses you.
You block Nessos's attack. The two-headed ogre barely misses you.
The two-headed ogre hits you with a +0 giant spiked club.
The eight-headed hydra barely misses you. x2
The eight-headed hydra bites you!
You die...

#.#.# #####.......# #...## #
#.#.# ##...#..#####...#### #
#.#.# ####.###.........#....# #
#.#.## #...## ##.######...##.# #
#..#.###.##.###..# ##.###.# #
#.###.##.###.#.#.# #.# #.#
#..#.###.####.##.### #.# #%#
#.#............pDQ.# #.# #.#
..#########....p@J.# #.###.####
#.# #....cJO.# #.........
#.#########........#######...####
#.........)..................>..#
#.#########........#######...##.#
#.# #........# ##.###.# #.#
#######.#####.# #.# #.#
#.####.............# #.# #.#
.#...........####### #.# #.#


You could see Nessos (fast, poisoned), an eight-headed hydra, 2 large slime
creatures, a two-headed ogre (very poisoned), 2 humans and a tengu conjurer
(very poisoned).

Vanquished Creatures
  Gastronok (D:11)
  Josephine (D:11)
  Fannar (D:12)
  3 hydras
  2 catoblepae
  A boulder beetle (D:12)
  4 two-headed ogres
  A skyshark (Lair:2)
  A lindwurm (Lair:5)
  3 harpies (Lair:3)
  Pikel (D:7)
  3 cyclopes
  4 manticores
  3 ugly things
  Joseph (D:7)
  5 black mambas
  3 molten gargoyles (Lair:5)
  14 komodo dragons
  14 cane toads
  3 rime drakes
  An unseen horror zombie (D:10)
  4 trolls
  A queen bee (Lair:1)
  2 polar bears
  A meliai (Lair:3)
  A hornet (D:9)
  12 dream sheep
  4 blink frogs
  2 slime creatures
  66 yaks
  6 basilisks
  11 wyverns
  6 wraiths
  6 humans (D:13)
  Eustachio (D:5)
  5 steam dragons
  6 vampire mosquitoes
  2 acid dragons
  Duvessa (D:7)
  4 hell hounds (Lair:5)
  23 water moccasins
  2 orc warriors
  4 black bears
  2 ice beasts
  An ogre (D:6)
  8 wolves
  7 centaurs
  A phantom (D:5)
  A lemure (D:7)
  2 elf zombies (Ossuary)
  A necrophage (D:10)
  13 bullfrogs
  2 scorpions (D:6)
  14 wights
  Dowan (D:7)
  30 killer bees
  2 howler monkeys (D:10)
  5 lava snakes (Lair:5)
  5 centaur zombies (D:10)
  A gnoll bouda (D:7)
  8 hounds
  2 human zombies
  2 jellies
  4 orc priests
  4 iguanas
  A sleepcap (D:7)
  8 orc wizards
  2 mummies (Ossuary)
  16 gnolls
  6 adders
  A white imp (D:5)
  2 ufetubi
  2 worms
  3 dart slugs
  53 orcs
  9 endoplasms
  3 giant cockroaches
  13 goblins
  4 hobgoblins
  6 jackals
  9 kobolds
  6 quokkas
  7 ball pythons
  8 bats
  2 frilled lizards
  11 hobgoblin zombies (Ossuary)
  A jackal zombie (Ossuary)
  11 kobold zombies (Ossuary)
  7 orc zombies (Ossuary)
  9 rats
  4 rat zombies (Ossuary)
560 creatures vanquished.

Notes
Turn   | Place    | Note
-------+----------+-------------------------------------------
     0 | D:1      | qw the Gargoyle Fighter began the quest for the Orb.
     0 | D:1      | Reached XP level 1. HP: 14/14 MP: 1/1
     0 | D:1      | 0 ||| qw: Version: 0.3-a-37-gdb0280a
     0 | D:1      | 0 ||| qw: Game counter: 7864
     0 | D:1      | 0 ||| qw: Melee chars always use a shield: true
     0 | D:1      | 0 ||| qw: God list: Okawaru
     0 | D:1      | 0 ||| qw: Allow faded altars: false
     0 | D:1      | 0 ||| qw: Do Orc after clearing Dungeon:15 true
     0 | D:1      | 0 ||| qw: Do second Lair branch before Depths: true
     0 | D:1      | 0 ||| qw: Lair rune preference: random
     0 | D:1      | 0 ||| qw: Goals: Normal, Zot:1-4, Slime:5, God:TSO, Crypt,
                  | Tomb, Abyss, Pan, Hells, Win
     0 | D:1      | 0 ||| PLANNING D:1-11
    23 | D:1      | Reached skill level 2 in Axes
    26 | D:1      | 26 ||| Stepping ~*~*~tactically~*~*~ (hiding).
    27 | D:1      | 27 ||| Stepping ~*~*~tactically~*~*~ (hiding).
   102 | D:1      | Reached XP level 2. HP: 19/19 MP: 2/2
   191 | D:1      | 191 ||| Stepping ~*~*~tactically~*~*~ (stealth).
   193 | D:1      | 193 ||| Stepping ~*~*~tactically~*~*~ (stealth).
   209 | D:1      | HP: 2/19 [gnoll/+0 spear (4)]
   216 | D:1      | HP: 1/19 [gnoll/+0 spear (3)]
   218 | D:1      | Reached skill level 3 in Axes
   218 | D:1      | Reached XP level 3. HP: 2/23 MP: 3/3
   788 | D:1      | Reached skill level 1 in Throwing
   866 | D:1      | 866 ||| UPGRADING to +0 plate armour.
   876 | D:1      | 876 ||| DROPPING +0 scale mail.
   877 | D:1      | 877 ||| READING 2 scrolls labelled BOMPE LUIRIET.
   878 | D:1      | 878 ||| READING scroll of brand weapon.
   878 | D:1      | 878 ||| BRANDING +0 war axe of protection.
   879 | D:1      | 879 ||| READING 3 scrolls labelled JUUCIO LIRHEI.
   880 | D:1      | 880 ||| READING scroll labelled MIUTAS SYZXEAD.
   881 | D:1      | 881 ||| READING scroll labelled GAIRAO JIUCIUT.
   886 | D:1      | 886 ||| DROPPING 2 scrolls of amnesia.
  1175 | D:2      | Reached XP level 4. HP: 28/28 MP: 4/4
  1223 | D:2      | 1223 ||| Stepping ~*~*~tactically~*~*~ (stealth).
  1358 | D:2      | Found a faded altar of an unknown god.
  1751 | D:2      | 1751 ||| UPGRADING to +6 ring of strength.
  1752 | D:2      | 1752 ||| DRINKING 2 lumpy inky potions.
  1752 | D:2      | Gained mutation: Potions are less effective at restoring
                  | your health. [potion of mutation]
  1752 | D:2      | Gained mutation: Your muscles are strong. (Str +4, Int/Dex
                  | -1) [potion of mutation]
  1753 | D:2      | 1753 ||| DRINKING potion of mutation.
  1753 | D:2      | Lost mutation: Your muscles are strong. (Str +4, Int/Dex
                  | -1) [potion of mutation]
  1753 | D:2      | Lost mutation: Potions are less effective at restoring your
                  | health. [potion of mutation]
  1753 | D:2      | Gained mutation: You are frail. (-10% HP) [potion of
                  | mutation]
  1753 | D:2      | Gained mutation: You are partially covered in iridescent
                  | scales. (AC +2) [potion of mutation]
  1753 | D:2      | Gained mutation: You are dopey. (Int -2) [potion of
                  | mutation]
  1753 | D:2      | Gained mutation: You have large cloven feet. [potion of
                  | mutation]
  1754 | D:2      | 1754 ||| DRINKING 2 murky cyan potions.
  1755 | D:2      | 1755 ||| DRINKING 2 blue potions.
  1756 | D:2      | 1756 ||| DROPPING potion of degeneration.
  1809 | D:3      | 1809 ||| STAIRDANCE
  1812 | D:2      | Reached skill level 4 in Axes
  1864 | D:2      | 1864 ||| DROPPING +0 whip.
  1876 | D:3      | Found a hazy altar of Hepliaklqana.
  1957 | D:3      | Found a sparkling altar of Nemelex Xobeh.
  2120 | D:3      | 2120 ||| Stepping ~*~*~tactically~*~*~ (hiding).
  2125 | D:3      | Reached XP level 5. HP: 28/28 MP: 5/5
  2250 | D:3      | 2250 ||| Stepping ~*~*~tactically~*~*~ (stealth).
  2688 | D:3      | Found a stormy altar of Qazlal.
  2815 | D:3      | 2815 ||| UPGRADING to ring of willpower.
  2816 | D:3      | 2816 ||| READING scroll labelled JERAOQ KAULUV.
  2817 | D:3      | 2817 ||| READING 2 scrolls labelled PERCHI YTUUPT.
  2918 | D:3      | 2918 ||| READING scroll labelled UCZUCA MORIS.
  2919 | D:3      | 2919 ||| READING scroll labelled JUEHIDUIBB.
  2920 | D:3      | 2920 ||| DROPPING scroll of silence.
  2964 | D:4      | Reached skill level 5 in Axes
  2964 | D:4      | Reached XP level 6. HP: 24/33 MP: 6/6
  2976 | D:4      | 2976 ||| FLEEEEING.
  2981 | D:4      | 2981 ||| STAIRDANCE
  3017 | D:4      | HP: 8/34 [gnoll/+0 flail (9)]
  3018 | D:4      | 3018 ||| READING 3 scrolls of teleportation.
  3019 | D:4      | 3019 ||| DRINKING potion of heal wounds.
  3149 | D:4      | Found a blossoming altar of Fedhas.
  3163 | D:4      | Found a glowing golden altar of the Shining One.
  3184 | D:4      | 3184 ||| Stepping ~*~*~tactically~*~*~ (stealth).
  3459 | D:4      | 3459 ||| Stepping ~*~*~tactically~*~*~ (hiding).
  3472 | D:4      | Reached skill level 6 in Axes
  3528 | D:4      | Reached skill level 1 in Dodging
  3528 | D:4      | Reached XP level 7. HP: 32/38 MP: 7/7
  3864 | D:4      | 3864 ||| UPGRADING to +4 ring of protection.
  3866 | D:4      | 3866 ||| DROPPING ring of willpower.
  3867 | D:4      | 3867 ||| READING 2 scrolls of identify.
  3867 | D:4      | 3867 ||| IDENTIFYING murky puce potion
  3868 | D:4      | 3868 ||| DROPPING potion of invisibility.
  3884 | D:5      | Entered Level 5 of the Dungeon
  3885 | D:5      | 3885 ||| PLANNING OSSUARY
  3967 | D:5      | Found a staircase to the Ecumenical Temple.
  3967 | D:5      | Noticed Eustachio
  3975 | D:5      | Killed Eustachio
  4101 | D:5      | Reached skill level 7 in Axes
  4124 | D:5      | Found a shimmering altar of Xom.
  4187 | D:5      | Found an iron altar of Okawaru.
  4193 | D:5      | Reached XP level 8. HP: 39/43 MP: 8/8
  4341 | D:5      | 4341 ||| Stepping ~*~*~tactically~*~*~ (stealth).
  4347 | D:5      | 4347 ||| Stepping ~*~*~tactically~*~*~ (hiding).
  4348 | D:5      | 4348 ||| Stepping ~*~*~tactically~*~*~ (hiding).
  4436 | D:5      | 4436 ||| DROPPING +0 flail.
  4465 | D:5      | Found a broken altar of Ashenzari.
  4520 | D:5      | Found a sand-covered staircase.
  4521 | D:5      | 4521 ||| READING scroll labelled LOIDWA NYOHONT.
  4522 | D:5      | 4522 ||| READING 2 scrolls of identify.
  4522 | D:5      | 4522 ||| IDENTIFYING metallic ruby potion
  4528 | Ossuary  | Entered an ossuary
  4599 | Ossuary  | 4599 ||| Stepping ~*~*~tactically~*~*~ (stealth).
  4600 | Ossuary  | 4600 ||| Stepping ~*~*~tactically~*~*~ (stealth).
  4602 | Ossuary  | 4602 ||| Stepping ~*~*~tactically~*~*~ (stealth).
  4711 | Ossuary  | Reached skill level 8 in Axes
  4722 | Ossuary  | 4722 ||| FLEEEEING.
  4723 | Ossuary  | 4723 ||| Stepping ~*~*~tactically~*~*~ (stealth).
  4724 | Ossuary  | 4724 ||| FLEEEEING.
  4726 | Ossuary  | 4726 ||| Stepping ~*~*~tactically~*~*~ (stealth).
  4783 | Ossuary  | 4783 ||| Stepping ~*~*~tactically~*~*~ (stealth).
  4835 | Ossuary  | 4835 ||| READING scroll labelled POERIO PUPT.
  4836 | Ossuary  | 4836 ||| DRINKING 2 sedimented dark potions.
  4837 | Ossuary  | 4837 ||| DRINKING 2 smoky silvery potions.
  4838 | Ossuary  | 4838 ||| READING 3 scrolls of identify.
  4838 | Ossuary  | 4838 ||| IDENTIFYING lumpy blue potion
  4839 | Ossuary  | 4839 ||| DROPPING potion of brilliance.
  4853 | D:5      | 4853 ||| PLANNING OKAWARU WORSHIP
  4909 | D:5      | Became a worshipper of Warmaster Okawaru
  4910 | D:5      | 4910 ||| PLANNING D:1-11
  4927 | D:5      | Found a hide-covered altar of Uskayaw.
  5193 | D:5      | Found a sacrificial altar of Ru.
  5229 | D:5      | Found an ornate altar of the Wu Jian Council.
  5272 | D:6      | Reached skill level 6 in Fighting
  5287 | D:6      | Noticed a two-headed ogre
  5289 | D:6      | 5289 ||| Stepping ~*~*~tactically~*~*~ (stealth).
  5291 | D:6      | 5291 ||| Stepping ~*~*~tactically~*~*~ (stealth).
  5296 | D:6      | Killed a two-headed ogre
  5297 | D:6      | Reached skill level 9 in Axes
  5297 | D:6      | Reached XP level 9. HP: 31/49 MP: 9/9
  5299 | D:6      | Reached * piety under Okawaru
  5363 | D:6      | 5363 ||| Stepping ~*~*~tactically~*~*~ (hiding).
  5366 | D:6      | 5366 ||| INVOKING Heroism.
  5451 | D:6      | 5451 ||| INVOKING Heroism.
  5550 | D:6      | Reached skill level 1 in Invocations
  5577 | D:6      | 5577 ||| Stepping ~*~*~tactically~*~*~ (hiding).
  5578 | D:6      | 5578 ||| Stepping ~*~*~tactically~*~*~ (hiding).
  5579 | D:6      | 5579 ||| Stepping ~*~*~tactically~*~*~ (hiding).
  5580 | D:6      | 5580 ||| Stepping ~*~*~tactically~*~*~ (hiding).
  5581 | D:6      | 5581 ||| Stepping ~*~*~tactically~*~*~ (hiding).
  5843 | D:6      | 5843 ||| READING 2 scrolls labelled ZOVVESIERU.
  5844 | D:6      | 5844 ||| READING scroll of enchant armour.
  5844 | D:6      | 5844 ||| ENCHANTING +0 plate armour.
  5845 | D:6      | 5845 ||| READING 3 scrolls of identify.
  5845 | D:6      | 5845 ||| IDENTIFYING clear potion
  5870 | D:7      | 5870 ||| Stepping ~*~*~tactically~*~*~ (stealth).
  5877 | D:7      | Noticed Duvessa
  5878 | D:7      | Noticed Dowan
  5878 | D:7      | 5878 ||| INVOKING Heroism.
  5879 | D:7      | Noticed Pikel
  5888 | D:7      | Killed Duvessa
  5890 | D:7      | Killed Dowan
  5893 | D:7      | Killed Pikel
  5897 | D:7      | Reached ** piety under Okawaru
  5943 | D:7      | 5943 ||| INVOKING Heroism.
  5947 | D:7      | 5947 ||| Stepping ~*~*~tactically~*~*~ (hiding).
  5965 | D:7      | Reached XP level 10. HP: 38/56 MP: 13/13
  5965 | D:7      | 5965 ||| Stepping ~*~*~tactically~*~*~ (cloud).
  6181 | D:7      | Found a radiant altar of Vehumet.
  6207 | D:7      | Noticed Joseph
  6208 | D:7      | 6208 ||| Stepping ~*~*~tactically~*~*~ (hiding).
  6214 | D:7      | 6214 ||| INVOKING Heroism.
  6218 | D:7      | Killed Joseph
  6496 | D:7      | Found a shimmering blue altar of Sif Muna.
  6595 | D:7      | Reached skill level 10 in Axes
  6615 | D:7      | 6615 ||| DROPPING ring of wizardry.
  6616 | D:7      | 6616 ||| READING scroll labelled HUCIR HOHAAGUYSAV.
  6886 | D:8      | Found Musummuibie's Weapon Shoppe.
  6899 | D:8      | 6899 ||| BUYING +0 morningstar (60 gold).
  6899 | D:8      | Bought a +0 morningstar for 60 gold pieces
  6899 | D:8      | 6899 ||| DROPPING +1 heavy flail.
  6968 | D:8      | 6968 ||| Stepping ~*~*~tactically~*~*~ (cloud).
  6969 | D:8      | 6969 ||| Stepping ~*~*~tactically~*~*~ (cloud).
  7033 | D:8      | 7033 ||| INVOKING Heroism.
  7084 | D:8      | 7084 ||| READING scroll of enchant weapon.
  7084 | D:8      | 7084 ||| ENCHANTING +1 war axe of venom.
  7100 | D:8      | Found a flagged portal.
  7551 | D:8      | 7551 ||| DRINKING 2 glowing green potions.
  7552 | D:8      | 7552 ||| READING 4 scrolls of identify.
  7552 | D:8      | 7552 ||| IDENTIFYING smoky grey potion
  7553 | D:8      | 7553 ||| DROPPING potion of berserk rage.
  7673 | D:9      | Noticed a four-headed hydra
  7698 | D:9      | 7698 ||| Stepping ~*~*~tactically~*~*~ (stealth).
  7707 | D:9      | 7707 ||| Stepping ~*~*~tactically~*~*~ (stealth).
  7715 | D:9      | 7715 ||| INVOKING Heroism.
  7732 | D:9      | Reached skill level 6 in Armour
  7732 | D:9      | Reached *** piety under Okawaru
  7740 | D:9      | Received a gift from Okawaru
  7755 | D:9      | 7755 ||| Stepping ~*~*~tactically~*~*~ (stealth).
  7765 | D:9      | 7765 ||| Stepping ~*~*~tactically~*~*~ (stealth).
  7788 | D:9      | 7788 ||| Stepping ~*~*~tactically~*~*~ (stealth).
  7788 | D:9      | Found a staircase to the Lair.
  7804 | D:9      | 7804 ||| Stepping ~*~*~tactically~*~*~ (stealth).
  7965 | D:9      | 7965 ||| Stepping ~*~*~tactically~*~*~ (stealth).
  7966 | D:9      | 7966 ||| Stepping ~*~*~tactically~*~*~ (stealth).
  7980 | D:9      | 7980 ||| INVOKING Heroism.
  8026 | D:9      | 8026 ||| Stepping ~*~*~tactically~*~*~ (stealth).
  8049 | D:9      | 8049 ||| READING scroll of enchant weapon.
  8049 | D:9      | 8049 ||| ENCHANTING +2 war axe of venom.
  8127 | D:9      | Found a bloodstained altar of Trog.
  8213 | D:9      | 8213 ||| Stepping ~*~*~tactically~*~*~ (hiding).
  8214 | D:9      | 8214 ||| Stepping ~*~*~tactically~*~*~ (hiding).
  8216 | D:9      | 8216 ||| Stepping ~*~*~tactically~*~*~ (hiding).
  8217 | D:9      | 8217 ||| Stepping ~*~*~tactically~*~*~ (hiding).
  8220 | D:9      | 8220 ||| INVOKING Heroism.
  8254 | D:9      | 8254 ||| Stepping ~*~*~tactically~*~*~ (stealth).
  8256 | D:9      | 8256 ||| Stepping ~*~*~tactically~*~*~ (hiding).
  8263 | D:9      | Reached skill level 11 in Axes
  8451 | D:9      | 8451 ||| Stepping ~*~*~tactically~*~*~ (stealth).
  8452 | D:9      | 8452 ||| Stepping ~*~*~tactically~*~*~ (stealth).
  8456 | D:9      | 8456 ||| Stepping ~*~*~tactically~*~*~ (stealth).
  8457 | D:9      | 8457 ||| Stepping ~*~*~tactically~*~*~ (stealth).
  8466 | D:9      | Reached XP level 11. HP: 62/62 MP: 14/14
  8520 | D:9      | 8520 ||| INVOKING Heroism.
  8524 | D:9      | 8524 ||| SWAPPING to +0 morningstar.
  8533 | D:9      | Killed a four-headed hydra
  8533 | D:9      | Reached **** piety under Okawaru
  8534 | D:9      | Reached skill level 9 in Fighting
  8534 | D:9      | 8534 ||| SWAPPING to +3 war axe of venom.
  8841 | D:9      | 8841 ||| INVOKING Heroism.
  8845 | D:9      | Received a gift from Okawaru
  9178 | D:9      | 9178 ||| Stepping ~*~*~tactically~*~*~ (stealth).
  9253 | D:9      | 9253 ||| READING scroll of enchant armour.
  9253 | D:9      | 9253 ||| ENCHANTING +1 plate armour.
  9419 | D:9      | 9419 ||| PLANNING LAIR
  9419 | D:9      | 9419 ||| UPGRADING to +5 ring of evasion.
  9421 | D:9      | 9421 ||| UPGRADING to +6 ring of strength.
  9423 | D:9      | 9423 ||| DROPPING +4 ring of protection.
  9424 | D:9      | 9424 ||| READING 5 scrolls of identify.
  9424 | D:9      | 9424 ||| IDENTIFYING bubbling emerald potion
  9425 | D:9      | 9425 ||| DROPPING potion of ambrosia.
  9463 | Lair:1   | Entered Level 1 of the Lair of Beasts
  9464 | Lair:1   | 9464 ||| INVOKING Heroism.
  9497 | Lair:1   | 9497 ||| INVOKING Heroism.
  9549 | Lair:1   | 9549 ||| INVOKING Heroism.
  9609 | Lair:1   | Reached skill level 12 in Axes
  9614 | Lair:1   | Reached ***** piety under Okawaru
  9702 | Lair:1   | 9702 ||| Stepping ~*~*~tactically~*~*~ (stealth).
  9706 | Lair:1   | 9706 ||| INVOKING Heroism.
  9713 | Lair:1   | Reached skill level 6 in Invocations
  9755 | Lair:1   | 9755 ||| Stepping ~*~*~tactically~*~*~ (stealth).
  9786 | Lair:1   | 9786 ||| Stepping ~*~*~tactically~*~*~ (stealth).
  9814 | Lair:1   | 9814 ||| INVOKING Heroism.
  9937 | Lair:1   | 9937 ||| READING scroll of enchant armour.
  9937 | Lair:1   | 9937 ||| ENCHANTING +2 plate armour.
  9947 | Lair:1   | 9947 ||| INVOKING Heroism.
 10220 | Lair:2   | 10220 ||| INVOKING Heroism.
 10220 | Lair:2   | Noticed a skyshark
 10231 | Lair:2   | Killed a skyshark
 10231 | Lair:2   | Received a gift from Okawaru
 10232 | Lair:2   | Reached skill level 6 in Shields
 10232 | Lair:2   | Reached XP level 12. HP: 68/68 MP: 15/17
 10286 | Lair:2   | Received a gift from Okawaru
 10294 | Lair:2   | 10294 ||| INVOKING Heroism.
 10572 | Lair:2   | 10572 ||| Stepping ~*~*~tactically~*~*~ (stealth).
 10585 | Lair:2   | Received a gift from Okawaru
 10712 | Lair:2   | 10712 ||| INVOKING Heroism.
 10715 | Lair:2   | Reached skill level 9 in Invocations
 10767 | Lair:2   | 10767 ||| Stepping ~*~*~tactically~*~*~ (stealth).
 10781 | Lair:2   | 10781 ||| FLEEEEING.
 10782 | Lair:2   | 10782 ||| FLEEEEING.
 10901 | Lair:2   | 10901 ||| Stepping ~*~*~tactically~*~*~ (hiding).
 10905 | Lair:2   | 10905 ||| Stepping ~*~*~tactically~*~*~ (hiding).
 10907 | Lair:2   | 10907 ||| INVOKING Heroism.
 11231 | Lair:2   | 11231 ||| DRINKING 2 coppery potions.
 11568 | Lair:3   | 11568 ||| Stepping ~*~*~tactically~*~*~ (stealth).
 11569 | Lair:3   | 11569 ||| Stepping ~*~*~tactically~*~*~ (stealth).
 11590 | Lair:3   | 11590 ||| Stepping ~*~*~tactically~*~*~ (stealth).
 11591 | Lair:3   | 11591 ||| Stepping ~*~*~tactically~*~*~ (stealth).
 11634 | Lair:3   | 11634 ||| Stepping ~*~*~tactically~*~*~ (stealth).
 11712 | Lair:3   | 11712 ||| Stepping ~*~*~tactically~*~*~ (hiding).
 11716 | Lair:3   | Found a hole to the Spider Nest.
 11748 | Lair:3   | 11748 ||| Stepping ~*~*~tactically~*~*~ (hiding).
 11752 | Lair:3   | 11752 ||| INVOKING Heroism.
 11756 | Lair:3   | Reached skill level 13 in Axes
 12057 | Lair:3   | Found a staircase to the Shoals.
 12064 | Lair:3   | 12064 ||| INVOKING Heroism.
 12067 | Lair:3   | Identified the +1 helmet "Lengel" {Regen+ Int-4 Slay+5
                  | SInv} (Okawaru gifted it to you on level 3 of the Lair of
                  | Beasts)
 12067 | Lair:3   | Received a gift from Okawaru
 12069 | Lair:3   | Reached XP level 13. HP: 29/73 MP: 17/20
 12325 | Lair:3   | 12325 ||| Stepping ~*~*~tactically~*~*~ (stealth).
 12326 | Lair:3   | 12326 ||| Stepping ~*~*~tactically~*~*~ (stealth).
 12335 | Lair:3   | Identified the amulet "Vitaeng" {Spirit rPois Regen+ Int-5
                  | Stlth+}
 12336 | Lair:3   | 12336 ||| INVOKING Heroism.
 12394 | Lair:3   | 12394 ||| INVOKING Heroism.
 12656 | Lair:4   | 12656 ||| INVOKING Heroism.
 12657 | Lair:4   | 12657 ||| INVOKING Finesse.
 12732 | Lair:4   | 12732 ||| READING scroll of enchant weapon.
 12732 | Lair:4   | 12732 ||| ENCHANTING +3 war axe of venom.
 12758 | Lair:4   | 12758 ||| INVOKING Heroism.
 12759 | Lair:4   | 12759 ||| Stepping ~*~*~tactically~*~*~ (stealth).
 12761 | Lair:4   | 12761 ||| Stepping ~*~*~tactically~*~*~ (stealth).
 12783 | Lair:4   | Reached skill level 14 in Axes
 12929 | Lair:4   | 12929 ||| INVOKING Heroism.
 12933 | Lair:4   | 12933 ||| SWAPPING to +0 morningstar.
 12939 | Lair:4   | 12939 ||| SWAPPING to +4 war axe of venom.
 13187 | Lair:4   | 13187 ||| INVOKING Heroism.
 13435 | Lair:4   | 13435 ||| DROPPING orb of guile.
 13452 | Lair:5   | Entered Level 5 of the Lair of Beasts
 13488 | Lair:5   | 13488 ||| INVOKING Heroism.
 13589 | Lair:5   | 13589 ||| INVOKING Heroism.
 13602 | Lair:5   | Reached skill level 9 in Armour
 13779 | Lair:5   | 13779 ||| INVOKING Heroism.
 13810 | Lair:5   | 13810 ||| READING scroll of enchant weapon.
 13810 | Lair:5   | 13810 ||| ENCHANTING +4 war axe of venom.
 13958 | Lair:5   | 13958 ||| INVOKING Heroism.
 13969 | Lair:5   | Received a gift from Okawaru
 13972 | Lair:5   | Reached skill level 6 in Throwing
 13982 | Lair:5   | Found a staircase to the Slime Pits.
 13983 | Lair:5   | Found a viscous altar of Jiyva.
 14057 | Lair:5   | 14057 ||| Stepping ~*~*~tactically~*~*~ (stealth).
 14058 | Lair:5   | 14058 ||| Stepping ~*~*~tactically~*~*~ (stealth).
 14060 | Lair:5   | 14060 ||| Stepping ~*~*~tactically~*~*~ (stealth).
 14231 | Lair:5   | 14231 ||| INVOKING Heroism.
 14485 | Lair:5   | 14485 ||| INVOKING Heroism.
 14486 | Lair:5   | 14486 ||| Stepping ~*~*~tactically~*~*~ (hiding).
 14487 | Lair:5   | 14487 ||| Stepping ~*~*~tactically~*~*~ (hiding).
 14659 | Lair:5   | 14659 ||| INVOKING Heroism.
 14664 | Lair:5   | 14664 ||| SWAPPING to +0 morningstar.
 14672 | Lair:5   | 14672 ||| SWAPPING to +5 war axe of venom.
 14676 | Lair:5   | Gained mutation: Your large and strong wings let you fly.
                  | [Gargoyle growth]
 14676 | Lair:5   | Reached XP level 14. HP: 25/81 MP: 21/21
 14698 | Lair:5   | 14698 ||| FLEEEEING.
 14761 | Lair:5   | 14761 ||| INVOKING Heroism.
 14924 | Lair:5   | 14924 ||| Stepping ~*~*~tactically~*~*~ (hiding).
 14976 | Lair:5   | Reached skill level 15 in Axes
 15062 | Lair:5   | Found a large runed translucent door.
 15066 | Lair:5   | Found a large runed translucent door.
 15165 | Lair:5   | 15165 ||| PLANNING D:1-11
 15333 | D:10     | Entered Level 10 of the Dungeon
 15516 | D:10     | 15516 ||| Stepping ~*~*~tactically~*~*~ (hiding).
 15526 | D:10     | Identified the +1 hat of Serendipity {rC++} (Okawaru gifted
                  | it to you on level 10 of the Dungeon)
 15526 | D:10     | Received a gift from Okawaru
 15538 | D:10     | Found a staircase to the Orcish Mines.
 15551 | D:10     | 15551 ||| Stepping ~*~*~tactically~*~*~ (hiding).
 15556 | D:10     | 15556 ||| Stepping ~*~*~tactically~*~*~ (hiding).
 15669 | D:10     | 15669 ||| Stepping ~*~*~tactically~*~*~ (hiding).
 15676 | D:10     | 15676 ||| Stepping ~*~*~tactically~*~*~ (stealth).
 15697 | D:10     | 15697 ||| Stepping ~*~*~tactically~*~*~ (stealth).
 15850 | D:10     | Reached skill level 12 in Fighting
 15964 | D:10     | 15964 ||| Stepping ~*~*~tactically~*~*~ (stealth).
 15981 | D:10     | 15981 ||| Stepping ~*~*~tactically~*~*~ (hiding).
 16096 | D:10     | Found a glowing silver altar of Zin.
 16183 | D:10     | 16183 ||| Stepping ~*~*~tactically~*~*~ (stealth).
 16185 | D:10     | 16185 ||| Stepping ~*~*~tactically~*~*~ (stealth).
 16189 | D:10     | 16189 ||| Stepping ~*~*~tactically~*~*~ (hiding).
 16195 | D:10     | 16195 ||| Stepping ~*~*~tactically~*~*~ (hiding).
 16201 | D:10     | 16201 ||| Stepping ~*~*~tactically~*~*~ (stealth).
 16317 | D:10     | 16317 ||| FLEEEEING.
 16318 | D:10     | 16318 ||| FLEEEEING.
 16319 | D:10     | 16319 ||| FLEEEEING.
 16320 | D:10     | 16320 ||| FLEEEEING.
 16321 | D:10     | 16321 ||| FLEEEEING.
 16331 | D:10     | 16331 ||| FLEEEEING.
 16332 | D:10     | 16332 ||| FLEEEEING.
 16334 | D:10     | 16334 ||| FLEEEEING.
 16504 | D:10     | 16504 ||| Stepping ~*~*~tactically~*~*~ (stealth).
 16505 | D:10     | 16505 ||| Stepping ~*~*~tactically~*~*~ (stealth).
 16506 | D:10     | 16506 ||| Stepping ~*~*~tactically~*~*~ (stealth).
 16516 | D:10     | Reached skill level 3 in Dodging
 16607 | D:10     | Found a basalt altar of Yredelemnul.
 16643 | D:11     | 16643 ||| Stepping ~*~*~tactically~*~*~ (stealth).
 16743 | D:11     | Noticed Josephine
 16756 | D:11     | 16756 ||| INVOKING Heroism.
 16757 | D:11     | Killed Josephine
 16983 | D:11     | Found an ornate altar of the Wu Jian Council.
 17005 | D:11     | 17005 ||| Stepping ~*~*~tactically~*~*~ (hiding).
 17356 | D:11     | Noticed Gastronok
 17364 | D:11     | 17364 ||| INVOKING Heroism.
 17373 | D:11     | Killed Gastronok
 17725 | D:11     | 17725 ||| Stepping ~*~*~tactically~*~*~ (hiding).
 17726 | D:11     | 17726 ||| Stepping ~*~*~tactically~*~*~ (hiding).
 17833 | D:11     | Found a portal to a secret trove of treasure.
 17914 | D:11     | 17914 ||| PLANNING D
 17914 | D:11     | 17914 ||| READING scroll labelled NEHIERCH WECUCI.
 17914 | D:11     | Identified a scroll of acquirement
 17914 | D:11     | 17914 ||| ACQUIRING 391 gold pieces
 17914 | D:11     | Acquired 391 gold pieces
 17950 | D:12     | 17950 ||| INVOKING Heroism.
 17960 | D:12     | Reached skill level 16 in Axes
 18166 | D:12     | 18166 ||| DRINKING 7 potions of curing.
 18166 | D:12     | 18166 ||| (to cure confusion)
 18262 | D:12     | 18262 ||| INVOKING Heroism.
 18382 | D:12     | 18382 ||| FLEEEEING.
 18383 | D:12     | 18383 ||| FLEEEEING.
 18386 | D:12     | 18386 ||| FLEEEEING.
 18387 | D:12     | 18387 ||| FLEEEEING.
 18388 | D:12     | 18388 ||| FLEEEEING.
 18389 | D:12     | 18389 ||| FLEEEEING.
 18390 | D:12     | 18390 ||| FLEEEEING.
 18391 | D:12     | 18391 ||| FLEEEEING.
 18392 | D:12     | 18392 ||| FLEEEEING.
 18393 | D:12     | 18393 ||| FLEEEEING.
 18394 | D:12     | 18394 ||| FLEEEEING.
 18395 | D:12     | 18395 ||| FLEEEEING.
 18396 | D:12     | 18396 ||| FLEEEEING.
 18397 | D:12     | 18397 ||| FLEEEEING.
 18398 | D:12     | 18398 ||| FLEEEEING.
 18399 | D:12     | 18399 ||| FLEEEEING.
 18400 | D:12     | 18400 ||| FLEEEEING.
 18401 | D:12     | 18401 ||| FLEEEEING.
 18402 | D:12     | 18402 ||| FLEEEEING.
 18403 | D:12     | 18403 ||| FLEEEEING.
 18404 | D:12     | 18404 ||| FLEEEEING.
 18449 | D:12     | Noticed Fannar
 18465 | D:12     | Killed Fannar
 18521 | D:12     | Identified the +6 war axe of Classification {venom, rN+
                  | Str+8}
 18523 | D:12     | 18523 ||| SWAPPING to +6 war axe of Classification {venom,
                  | rN+ Str+8}.
 18559 | D:12     | 18559 ||| Stepping ~*~*~tactically~*~*~ (hiding).
 18562 | D:12     | 18562 ||| INVOKING Heroism.
 18755 | D:12     | 18755 ||| Stepping ~*~*~tactically~*~*~ (stealth).
 18756 | D:12     | 18756 ||| Stepping ~*~*~tactically~*~*~ (stealth).
 18903 | D:12     | 18903 ||| READING scroll labelled XORELI BIONEFO.
 18951 | D:13     | Noticed Nessos
 18951 | D:13     | Found a gate to the Vaults.
 18952 | D:13     | 18952 ||| INVOKING Heroism.
 18957 | D:13     | 18957 ||| SWAPPING to +0 morningstar.
 18961 | D:13     | 18961 ||| STAIRDANCE
 18961 | D:13     | HP: 20/82 [large slime creature (15)]
 18964 | D:12     | 18964 ||| READING 12 scrolls of teleportation.
 18964 | D:12     | Slain by an eight-headed hydra

Levels and vault maps discovered:
D:1:      giann_horns, layout_basic, minivault_14, item_on_display_b
D:2:      layout_loops_corners, chequers_ecumenical_altar_simple_redux,
          grunt_ministairs_5
D:3:      layout_basic, mainiacjoe_overflow_six_doors_small,
          amcnicky_altar_gilded, marbit_many_paths, serial_glass,
          glass_columns_a, glass_columns_c
D:4:      layout_cave_pods, mainiacjoe_overflow_paths, old_standard_altar,
          grunt_ministairs_11
D:5:      layout_basic, mainiacjoe_overflow_swirl, nicolae_uskayaw_dance_hall,
          lemuel_doored_altar, mainiacjoe_overflow_concentric_impassable,
          nicolae_overflow_crystal_walls, minmay_temple_entry_poolview,
          nicolae_ossuary_entry_plus, serial_bayou_ford_a, chequers_avenue,
          uniq_eustachio
D:6:      layout_rooms, hex_large
D:7:      layout_loops_ring, nicolae_vehumet_radiance, led_sif_pool,
          kennysheep_generic_room_3, uniq_joseph, uniq_duvessa, uniq_pikel
D:8:      layout_basic, serial_aquarium, aquarium_bridge_square
          [aquarium_subvault_balcony, aquarium_subvault_window,
          aquarium_subvault_bridge, aquarium_subvault_wall],
          aquarium_bridge_square [aquarium_subvault_bridge,
          aquarium_subvault_bridge, aquarium_subvault_bridge,
          aquarium_subvault_bridge], aquarium_window_1, aquarium_window_2,
          aquarium_view_2b, aquarium_pool_split, serial_shops, shop,
          enter_bailey_5
D:9:      layout_layer_cave, trog_three_pillars_becter,
          due_lair_maze_entry_diamond, minmay_fractal_squares_gapless_7
D:10:     layout_loops_cross, mainiacjoe_overflow_alcove_2,
          lemuel_mausoleum_altar_yredelemnul, hiddenorc2_lemuel,
          grunt_ministairs_10
D:11:     layout_gridville, enter_trove_3, nzn_wu_jian_contemplation,
          uniq_gastronok, uniq_josephine
D:12:     layout_loops_ring, minmay_fractal_squares_5, uniq_fannar
D:13:     layout_roguey, david_vaults_3, minmay_hollow_rounded_squares
Lair:1:   layout_roguey [special_room_bee]
Lair:2:   layout_cave_pods
Lair:3:   layout_regular_city, nicolae_shoals_entry_roost,
          hellmonk_spider_entry_not_the_bees, beast_lair_carwin_9
Lair:4:   layout_big_grid, chequers_serial_rivers_small_a, grunt_megastairs_5,
          lemuel_fruit_fields, infiniplex_staircase_pool_2, serial_bayou_shore_b
Lair:5:   cheibrodos_lair_end_hotspot, layout_layer_cave, slime_entry_1,
          lightli_volcano_entry_magma_tube, ldierk_geyser

Skill      XL: |  1  2  3  4  5  6  7  8  9 10 11 12 13 14 |
---------------+-------------------------------------------+-----
Axes           | 2 3 4 5 6 7 9 11 12 13 14 16 | 16.0
Throwing       | 1 2 4 5 6 |  6.0
Fighting       | 4 6 7 8 9 10 11 12 | 12.6
Dodging        | 1 2 3 |  3.0
Armour         | 4 5 6 7 8 9 |  9.0
Shields        | 4 5 6 7 8 |  8.1
Invocations    | 4 7 10 | 10.0

Action                     |  1- 3 |  4- 6 |  7- 9 | 10-12 | 13-15 || total
---------------------------+-------+-------+-------+-------+-------++-------
  Melee: War axe           |    66 |   103 |   186 |   383 |   506 ||  1244
         Kick              |       |    19 |    47 |    85 |   160 ||   311
         Morningstar       |       |       |       |     9 |    15 ||    24
  Throw: Javelin           |    38 |    61 |    43 |    35 |    32 ||   209
         Boomerang         |       |     1 |    44 |    93 |   151 ||   289
 Invoke: Heroism           |       |       |     4 |    19 |    20 ||    43
         Finesse           |       |       |       |       |     1 ||     1
    Use: Scroll            |     5 |     5 |     8 |     7 |     5 ||    30
         Potion            |       |     5 |     2 |     2 |     1 ||    10
 Armour: Scale mail        |    39 |       |       |       |       ||    39
         Plate armour      |     2 |    86 |   119 |   213 |   238 ||   658
  Dodge: Dodged            |    40 |    37 |    43 |   210 |   242 ||   572
  Block: Buckler           |    18 |    14 |    22 |    96 |   111 ||   261

Table legend:
 A = Non-vault XP
 B = Vault XP
 C = Vault XP percentage of total XP
 D = Non-vault monster count
 E = Vault monster count
 F = Vault count percentage of total count
                 A         B        C        D         E       F
            +---------+---------+-------+---------+---------+-------
      Total |   51465 |   29730 |  36.6 |     352 |     207 |  37.0
            +---------+---------+-------+---------+---------+-------
        D:1 |      64 |       0 |   0.0 |      30 |       0 |   0.0
        D:2 |      57 |       3 |   5.0 |      23 |       2 |   8.0
        D:3 |     106 |       2 |   1.9 |      23 |       1 |   4.2
        D:4 |     391 |      21 |   5.1 |      27 |       2 |   6.9
        D:5 |     889 |     188 |  17.5 |      21 |       1 |   4.5
        D:6 |    1449 |       0 |   0.0 |      12 |       0 |   0.0
        D:7 |     564 |    1417 |  71.5 |      12 |       5 |  29.4
        D:8 |     604 |       8 |   1.3 |       9 |       4 |  30.8
        D:9 |    1810 |    3072 |  62.9 |      14 |      15 |  51.7
       D:10 |    4119 |    2754 |  40.1 |      26 |      44 |  62.9
       D:11 |    5656 |    3241 |  36.4 |      20 |       6 |  23.1
       D:12 |    4421 |    3042 |  40.8 |      12 |       6 |  33.3
       D:13 |     242 |    1161 |  82.8 |       1 |       6 |  85.7
     Lair:1 |    4548 |    1858 |  29.0 |      19 |      26 |  57.8
     Lair:2 |    7646 |       0 |   0.0 |      35 |       0 |   0.0
     Lair:3 |    6113 |    3457 |  36.1 |      24 |      14 |  36.8
     Lair:4 |    6088 |    2006 |  24.8 |      21 |       8 |  27.6
     Lair:5 |    6698 |    7185 |  51.8 |      23 |      28 |  54.9
    Ossuary |       0 |     315 | 100.0 |       0 |      39 | 100.0
            +---------+---------+-------+---------+---------+-------
